AoeStats
← Chiripa605

Hill Fort

504201009Analyzed
4v4 RM · 28d ago on Sep 4, 2026· 44m 18s· 8 players
Game mode
Random Map
Map size
Large (8 player)
Population
200
Speed
Normal
Resources
Standard
Victory
Conquest
Starting age
Dark Age
Ending age
Imperial Age
RankedLock teamsTeams togetherTeam positionsShared explorationLock speedFull tech treeHidden civsTurbo modeCheats
Victory
Defeat
🇺🇸 Tatars · United States
1221
+15
🇦🇷 Byzantines · Argentina
1191
+16
🇬🇧 Saracens · United Kingdom
1171
+17
🇩🇪 Magyars · Germany
1157
+18
🇯🇵 Vietnamese · Japan
1267
-20
🇦🇷 Britons · Argentina
1230
-18
🇭🇰 Berbers · Hong Kong SAR China
1166
-15
🇨🇳 Huns · China
1121
-13
Chiripa605
10:42 Feudal Age
15:08 Castle Age
13:23 Double-Bit Axe
13:29 Horse Collar
15:07 Loom
16:02 Bow Saw
16:02 Heavy Plow
19:41 Wheelbarrow
19:04 Town Watch
19:17 Gold Mining
22:03 Gold Shaft Mining
22:59 Fletching
26:03 Bloodlines
25:54 Husbandry
26:48 Hand Cart
26:57 Stone Mining
30:41 Imperial Age
29:03 Ballistics
29:30 Bodkin Arrow
29:36 Padded Archer Armor
31:16 Leather Archer Armor
31:44 Conscription
32:31 Chemistry
31:36 Bracer
31:13 Heavy Cavalry Archer
32:02 Silk Armor
33:08 Crop Rotation
34:12 Ring Archer Armor
35:33 Scale Barding Armor
35:02 Light Cavalry
36:35 Chain Barding Armor
36:13 Hussar
37:12 Forging
43:10 Plate Barding Armor
43:11 Iron Casting
Vaga
8:25 Loom
10:23 Feudal Age
15:33 Castle Age
14:12 Double-Bit Axe
17:45 Husbandry
20:01 Bow Saw
26:09 Wheelbarrow
31:21 Imperial Age
28:59 Fletching
30:36 Bodkin Arrow
32:09 Bracer
32:11 Padded Archer Armor
32:04 Elite Skirmisher
33:51 Chemistry
35:58 Leather Archer Armor
36:48 Hand Cart
37:30 Ballistics
38:14 Ring Archer Armor
41:20 Horse Collar
43:52 Two-Man Saw
44:21 Bombard Tower
Ultimate_Boredom
9:48 Loom
11:34 Feudal Age
13:01 Double-Bit Axe
13:08 Horse Collar
18:59 Castle Age
16:59 Gold Mining
17:39 Stone Mining
18:47 Bloodlines
19:05 Town Watch
19:51 Husbandry
20:30 Gold Shaft Mining
20:11 Heavy Plow
20:33 Bow Saw
21:52 Forging
23:26 Scale Barding Armor
24:59 Wheelbarrow
27:11 Iron Casting
28:13 Chain Barding Armor
29:42 Town Patrol
29:44 Fletching
30:20 Hand Cart
31:11 Bodkin Arrow
32:04 Ballistics
37:37 Imperial Age
35:23 Fortified Wall
35:25 Masonry
35:14 Murder Holes
36:00 Treadmill Crane
36:31 Fortified Wall
39:08 Plate Barding Armor
39:34 Blast Furnace
38:58 Conscription
38:52 Elite Mameluke
42:27 Hoardings
SuDD3R
3:30 Loom
9:43 Feudal Age
10:53 Loom
15:21 Castle Age
13:52 Double-Bit Axe
14:23 Horse Collar
18:47 Heavy Plow
20:32 Bow Saw
21:54 Gold Mining
23:43 Scale Barding Armor
25:14 Husbandry
25:26 Bloodlines
27:41 Wheelbarrow
28:38 Chain Barding Armor
32:03 Imperial Age
29:55 Hand Cart
32:11 Cavalier
33:29 Plate Barding Armor
33:56 Two-Man Saw
34:42 Paladin
37:14 Gold Shaft Mining
37:17 Crop Rotation
36:57 Light Cavalry
39:04 Stone Mining
41:54 Hussar
TornToast5128
5:22 Loom
11:32 Feudal Age
12:52 Double-Bit Axe
13:13 Horse Collar
17:54 Wheelbarrow
19:49 Castle Age
17:48 Stone Mining
19:29 Gold Mining
21:51 Bow Saw
21:43 Heavy Plow
24:03 Gold Shaft Mining
23:25 Fletching
23:36 Padded Archer Armor
23:39 Husbandry
26:05 Stone Shaft Mining
25:32 Bodkin Arrow
26:53 Kasbah
27:19 Bloodlines
30:18 Hand Cart
29:52 Town Watch
30:25 Leather Archer Armor
34:02 Imperial Age
32:53 Thumb Ring
35:49 Bracer
36:19 Ring Archer Armor
36:04 Elite Camel Archer
37:55 Conscription
37:46 Maghrebi Camels
37:14 Heavy Camel Rider
38:09 Forging
38:05 Scale Barding Armor
38:22 Light Cavalry
40:16 Ballistics
40:56 Chemistry
40:07 Town Patrol
41:59 Chain Barding Armor
42:15 Iron Casting
41:23 Hussar
hot
10:24 Feudal Age
15:10 Castle Age
13:54 Double-Bit Axe
14:22 Loom
16:05 Bow Saw
17:35 Horse Collar
21:20 Wheelbarrow
21:24 Stone Mining
25:29 Fletching
26:45 Bodkin Arrow
29:14 Padded Archer Armor
30:10 Elite Skirmisher
31:17 Crossbowman
36:02 Imperial Age
33:50 Pikeman
34:42 Forging
34:47 Leather Archer Armor
37:05 Bracer
37:30 Arbalester
43:57 Chemistry
43:56 Ballistics
XINGBAO
7:31 Loom
10:05 Feudal Age
11:09 Double-Bit Axe
17:43 Castle Age
16:01 Horse Collar
17:31 Stone Mining
17:33 Gold Mining
18:41 Bow Saw
18:55 Heavy Plow
21:44 Wheelbarrow
26:22 Fletching
26:32 Town Watch
27:55 Bodkin Arrow
28:13 Padded Archer Armor
28:55 Hand Cart
30:12 Gold Shaft Mining
30:01 Town Patrol
30:52 Ballistics
31:06 Leather Archer Armor
34:42 Imperial Age
34:02 Scale Mail Armor
35:02 Chain Mail Armor
35:19 Fortified Wall
35:31 Bracer
36:48 Chemistry
36:20 Ring Archer Armor
36:13 Conscription
35:27 Elite Skirmisher
36:39 Plate Mail Armor
37:05 Forging
36:49 Pikeman
37:30 Squires
38:51 Elite Longbowman
40:18 Iron Casting
41:01 Hoardings
42:05 Blast Furnace
43:15 Scale Barding Armor
省委高育良
11:23 Feudal Age
15:36 Castle Age
13:19 Horse Collar
15:37 Stone Mining
15:36 Double-Bit Axe
23:24 Heavy Plow
24:20 Bow Saw
28:22 Gold Mining
31:56 Imperial Age
30:05 Wheelbarrow
31:09 Padded Archer Armor
30:59 Fletching
31:49 Gold Shaft Mining
31:45 Hand Cart
32:19 Leather Archer Armor
32:29 Ballistics
32:42 Thumb Ring
33:05 Parthian Tactics
33:10 Heavy Cavalry Archer
35:24 Conscription
35:24 Bodkin Arrow
36:42 Chemistry
37:29 Two-Man Saw
36:41 Town Watch
38:36 Bracer
40:09 Scale Barding Armor
40:14 Forging
40:20 Husbandry
40:30 Bloodlines
43:29 Iron Casting
43:14 Chain Barding Armor
Connection lost

Rejoining the realm…

Still unreachable

The connection could not be restored.

Session expired

The server has moved on; the page needs a fresh start.